 Dungeon Crawl Stone Soup version 0.28.0-53-g5a82cb258f (webtiles) character file.

Game seed: 13122703819044810916

71 H0rd4k the Charlatan (level 4, -5/33 HPs)
             Began as a Human Artificer on June 23, 2022.
             Slain by an ogre
             ... wielding a +0 giant spiked club
              (24 damage)
             ... on level 3 of the Dungeon.
             The game lasted 00:01:57 (3819 turns).

H0rd4k the Charlatan (Human Artificer)              Turns: 3819, Time: 00:01:58

Health: -5/33      AC:  3    Str: 12    XL:     4   Next: 47%
Magic:  4/4        EV: 11    Int: 13    God:
Gold:   110        SH:  0    Dex: 14    Spells: 3/3 levels left

rFire   . . .      SeeInvis .   a - +0 club
rCold   . . .      Faith    .   (no shield)
rNeg    . . .      Spirit   .   b - +0 leather armour
rPois   .          Reflect  .   (no helmet)
rElec   .          Harm     .   (no cloak)
rCorr   .          Rampage  .   (no gloves)
Will    .....                   (no boots)
Stlth   +.........              (no amulet)
HPRegen 0.11/turn               (no ring)
MPRegen 0.09/turn               (no ring)

@: slowed, very slow
A: no striking features
a: no special abilities


You were on level 3 of the Dungeon.
You visited 1 branch of the dungeon, and saw 3 of its levels.

You collected 110 gold pieces.

Inventory:

Hand Weapons
 a - a +0 club (weapon)
Armour
 b - a +0 leather armour (worn)
 j - a +1 cloak
Wands
 c - a wand of flame (10) (quivered)
 d - a wand of charming (13)
Scrolls
 g - 2 scrolls of teleportation {unknown}
 i - a scroll of blinking {unknown}
Potions
 f - 4 potions of curing {unknown}
 h - a potion of heal wounds {unknown}
 k - 2 potions of attraction {unknown}
Miscellaneous
 e - a piece from Xom's chessboard (15/15)


   Skills:
 + Level 1.7 Fighting
 + Level 1.5 Maces & Flails
 - Level 2.0 Armour
 + Level 1.9 Dodging
 - Level 1.0 Stealth
 + Level 3.9 Evocations


You had 3 spell levels left.
You didn't know any spells.
Your spell library was empty.

Dungeon Overview and Level Annotations

Branches:
Dungeon (3/15)

Altars:
Trog

Annotations:
D:2 1 runed translucent door, exclusion: door, Crazy Yiuf


Message History

A goblin is nearby!
You hit the goblin.
You kill the goblin!
No target in view!
Key pressed, stopping explore.
No target in view!
HP restored.
Things that are here:
a +0 dagger; a +0 dagger; a goblin corpse Natasha, Servant of Life and Death comes into view.
An ogre comes into view. It is wielding a +0 giant spiked club.
Natasha hisses angrily.
Natasha wildly gestures.
Natasha shimmers violently.
There are monsters nearby!
There are monsters nearby!
You barely miss Natasha.
Natasha stares at you and mumbles some strange words.
You feel yourself slow down.
Aiming: Charm
Press: ? - help, Shift-Dir - straight line, f - Natasha
Aim: Natasha (chance to affect: 59%) Natasha is charmed.
Unknown command.
What are your orders? t - Shout!
Orders for allies: a - Attack new target. p - Attack previous target. r - Retreat! s - Stop attacking. g - Guard the area. f - Follow me.
Anything else - Cancel.
Guard this area!
The ogre hits Natasha with a +0 giant spiked club!
Natasha dies!
The ogre hits you with a +0 giant spiked club!
The ogre closely misses you.
Things that are here:
a +0 dagger; a +0 dagger; a goblin corpse The ogre hits you with a +0 giant spiked club!!
Ouch! That really hurt!
You die...

########## #........#
#...<....# #........#
#........#
#........##
#.........##
#<...@O....## #### #
#...........##...#...
#...........#........
#....................
#.#..................
#.#..................
# ##.......##........
#..................
#.........#####.##.


You could see an ogre.

Vanquished Creatures
  2 adders (D:2)
  5 bats
  6 endoplasms
  4 giant cockroaches
  5 goblins
  3 hobgoblins
  2 kobolds (D:1)
  3 quokkas
  8 ball pythons
  4 frilled lizards
  4 rats
46 creatures vanquished.

Vanquished Creatures (collateral kills)
  A ball python (D:2)
1 creature vanquished.

Vanquished Creatures (others)
  Jessica (D:2)
  Natasha (D:3)
2 creatures vanquished.

Grand Total: 49 creatures vanquished

Notes
Turn   | Place    | Note
-------+----------+-------------------------------------------
     0 | D:1      | H0rd4k the Human Artificer began the quest for the Orb.
     0 | D:1      | Reached XP level 1. HP: 15/15 MP: 1/1
   398 | D:1      | Reached XP level 2. HP: 17/21 MP: 2/2
  1243 | D:1      | Reached XP level 3. HP: 11/26 MP: 3/3
  1786 | D:2      | Found a bloodstained altar of Trog.
  1963 | D:2      | Found a faded altar of an unknown god.
  2317 | D:2      | Reached skill level 1 in Maces & Flails
  2672 | D:2      | Reached XP level 4. HP: 32/32 MP: 4/4
  2722 | D:2      | Found a runed translucent door.
  2723 | D:2      | Noticed Crazy Yiuf
  2946 | D:2      | Noticed Jessica
  2963 | D:2      | Your ally Jessica died
  3806 | D:3      | Noticed Natasha
  3807 | D:3      | Noticed an ogre
  3811 | D:3      | Your ally Natasha died
  3819 | D:3      | Slain by an ogre

Illustrated notes

Levels and vault maps discovered:
D:1:      lemuel_arrival_lava_pool, layout_basic
D:2:      layout_basic, shapermc_ecumenical_altar_gd, serial_rivers,
          chequers_serial_rivers_small_a, chequers_serial_rivers_small_3,
          chequers_serial_rivers_small_b, chequers_serial_rivers_small_a,
          basic_altar, minmay_close_crescents, uniq_jessica,
          uniq_crazy_yiuf_cottage
D:3:      kennysheep_big_flooded_room, layout_rooms, roderic_serpentine_path,
          uniq_natasha

Skill      XL: |  1  2  3 |
---------------+----------+-----
Maces & Flails | 1 |  1.5
Fighting       | |  1.7
Armour         | |  2.0
Dodging        | |  1.9
Stealth        | |  1.0
Evocations     | |  3.9

Action                   |  1- 3 |  4- 6 || total
-------------------------+-------+-------++-------
Melee: Club              |   141 |    55 ||   196
       Punch             |     3 |       ||     3
Evoke: Wand              |     4 |     3 ||     7
 Stab: Sleeping          |     4 |     1 ||     5
Armor: Leather armour    |    55 |    17 ||    72
Dodge: Dodged            |   103 |    37 ||   140
